 Dungeon Crawl Stone Soup version 0.17-a0-547-g5e20af8 (webtiles) character file.

569 inmateoo the Ruffian (level 7, -7/44 HPs)
             Began as a Gargoyle Monk on Apr 13, 2015.
             Killed by nerve-wracking pain
             ... invoked by an orc priest
              (11 damage)
             ... on level 5 of the Dungeon.
             The game lasted 00:08:15 (4394 turns).

inmateoo the Ruffian (Gargoyle Monk)                Turns: 4394, Time: 00:08:15

Health: -7/44      AC: 13    Str: 15    XL:     7   Next: 33%
Magic:  7/7        EV: 10    Int: 12    God:
Gold:   169        SH:  0    Dex: 12    Spells: 0 memorised, 6 levels left

rFire  . . .     SeeInvis .       - Unarmed
rCold  . . .     Clarity  .     k - +0 scale mail
rNeg   + . .     SustAb   .     (no shield)
rPois  ∞         Gourm    .     l - +1 helmet
rElec  +         Spirit   .     (no cloak)
rCorr  .         Warding  .     (no gloves)
rMut   .         Stasis   .     (no boots)
MR     .....                    (no amulet)
Stlth  +.........               (no ring)
                                h - ring of wizardry

@: not resistant to hostile enchantments, very unstealthy
A: negative energy resistance 1, electricity resistance, unbreathing,
petrification resistance, rot immunity, AC +4
a: no special abilities


You were on level 5 of the Dungeon.
You were hungry.

You visited 1 branch of the dungeon, and saw 5 of its levels.

You collected 169 gold pieces.

Inventory:

Armour
 k - a +0 scale mail (worn)
 l - a +1 helmet (worn)
Jewellery
 h - a ring of wizardry (left hand)
Magical devices
 r - a wand of magic darts (27)
Scrolls
 e - 3 scrolls of remove curse
 q - a scroll of recharging
 t - a scroll of identify
Potions
 a - a potion of heal wounds {unknown}
 d - a potion of invisibility
 f - a potion of resistance {unknown}
 g - a potion of cure mutation {unknown}
 i - a potion of magic
 m - a potion of ambrosia
 o - a potion of haste {unknown}
 s - a potion of might {unknown}
Books
 j - a book of Callings

   Spells                             Type                      Level
   a - Summon Small Mammal            Summoning                    1
   b - Call Imp                       Summoning                    2
   c - Call Canine Familiar           Summoning                    3
   d - Summon Guardian Golem          Hexes/Summoning              3
   e - Summon Lightning Spire         Summoning/Air                4
   f - Summon Ice Beast               Ice/Summoning                4
Comestibles
 b - 6 bread rations
 c - 2 meat rations
 n - a slice of pizza


   Skills:
 + Level 5.1 Fighting
 + Level 2.2 Armour
 - Level 3.4 Dodging
 - Level 2.1 Stealth
 * Level 6.8 Unarmed Combat


You had 6 spell levels left.
You didn't know any spells.

Dungeon Overview and Level Annotations

Branches:
Dungeon (5/15)
 Temple: D:4-7

Altars:
Gozag
Okawaru
Vehumet

Annotations:
D:4 Menkaure


Innate Abilities, Weirdness & Mutations

You are resistant to torment.
Your stone body is resilient (AC +4).
You are immune to poison.
You resist negative energy.
You are resistant to electric shocks.
You can survive without breathing.
You are immune to petrification.
You are immune to rotting.


Message History

The orc priest is severely wounded.
The orc priest invokes the aid of Beogh against you.
Something smites you!
* * * LOW HITPOINT WARNING * * *
You barely miss the orc priest.
The orc priest is severely wounded.
You hit the orc priest but do no damage.
The orc priest is severely wounded.
The orc priest hits you but does no damage.
You closely miss the orc priest.
The orc priest is severely wounded.
The orc priest misses you.
You barely miss the orc priest.
The orc priest is severely wounded.
The orc priest barely misses you.
You hit the orc priest.
The orc priest is severely wounded.
The orc priest mumbles some strange prayers to Beogh against you.
Pain shoots through your body!
You die...

#....#............##...#...#
#....+.......####+##...#...#
#....#.......#.....#...'...#
#....#+###+###.....'...#...'
#####..............###+#...#
#...<..................#
#...[)....###'#........#
#.........#...+........'
#......@o.##'##........#
#......................#
#......................+
#......................#
#..............#+###...#
#....##'##.....'...+...#
######...#.....##+##...'
#....#.....#...#...#
#>...+.....'...'...#


You could see an orc priest.

Vanquished Creatures
  A phantom (D:4)
  A giant frog (D:3)
  A scorpion (D:4)
  A crimson imp (D:5)
  2 iguanas (D:5)
  A centaur skeleton (D:5)
  A worker ant (D:5)
  Jessica (D:2)
  An orc wizard (D:4)
  The ghost of inmateoo the Ruffian, a weakling GrMo (D:3)
  2 hound skeletons
  4 adders
  A worm (D:2)
  An adder skeleton (D:5)
  4 giant geckos
  2 oozes (D:3)
  11 orcs
  A bat skeleton (D:4)
  2 bat zombies (D:5)
  2 giant cockroaches
  9 goblins
  5 hobgoblins
  7 jackals
  2 quokkas
  8 bats
  6 giant newts
  6 kobolds
  5 rats
89 creatures vanquished.

Notes
Turn   | Place    | Note
--------------------------------------------------------------
     0 | D:1      | inmateoo, the Gargoyle Monk, began the quest for the Orb.
     0 | D:1      | Reached XP level 1. HP: 14/14 MP: 1/1
    24 | D:1      | You fall through a shaft!
   154 | D:2      | Reached XP level 2. HP: 1/19 MP: 2/2
   672 | D:2      | Noticed Jessica
   678 | D:2      | Killed Jessica
   678 | D:2      | Reached XP level 3. HP: 15/24 MP: 3/3
  1049 | D:2      | Reached XP level 4. HP: 22/29 MP: 4/4
  1727 | D:3      | Reached skill level 5 in Unarmed Combat
  1887 | D:3      | Noticed a giant frog
  1904 | D:3      | Killed a giant frog
  1904 | D:3      | Reached XP level 5. HP: 20/33 MP: 5/5
  2065 | D:3      | Noticed inmateoo's ghost (weakling GrMo)
  2075 | D:3      | Killed inmateoo's ghost
  2438 | D:4      | Reached XP level 6. HP: 30/39 MP: 6/6
  2503 | D:4      | Noticed Menkaure
  2686 | D:4      | Noticed a phantom
  2736 | D:4      | Killed a phantom
  2736 | D:4      | Reached skill level 1 in Armour
  2736 | D:4      | Reached skill level 6 in Unarmed Combat
  3041 | D:5      | Entered Level 5 of the Dungeon
  3479 | D:5      | Reached XP level 7. HP: 31/44 MP: 7/7
  3665 | D:5      | Reached skill level 5 in Fighting
  3684 | D:5      | Found an iron altar of Okawaru.
  3692 | D:5      | Found a radiant altar of Vehumet.
  3693 | D:5      | Found an opulent altar of Gozag.
  4394 | D:5      | Killed from afar by an orc priest

Action                   |  1- 3 |  4- 6 |  7- 9 || total
-------------------------+-------+-------+-------++-------
Melee: Unarmed           |    83 |   305 |    86 ||   474
  Use: Scroll            |       |     7 |     3 ||    10
       Potion            |       |     1 |       ||     1
 Stab: Sleeping          |     3 |       |       ||     3
  Eat: Chunk             |       |     8 |     3 ||    11
